 Dungeon Crawl Stone Soup version 0.21-a0-442-g848f44b (webtiles) character file.

161 torrenera the Poker (level 5, -2/38 HPs)
             Began as a Demonspawn Gladiator on Nov 10, 2017.
             Slain by Duvessa
             ... wielding a +0 rapier
              (9 damage)
             ... on level 3 of the Dungeon on Nov 13, 2017.
             The game lasted 00:07:53 (3098 turns).

torrenera the Poker (Demonspawn Gladiator)          Turns: 3098, Time: 00:07:53

Health: -2/38      AC:  4    Str: 20    XL:     5   Next: 19%
Magic:  5/5        EV: 13    Int:  9    God:
Gold:   170        SH:  0    Dex: 15    Spells: 4/4 levels left

rFire    . . .     SeeInvis .   a - +0 trident
rCold    . . .     Gourm    .   (no shield)
rNeg     . . .     Faith    .   b - +0 leather armour
rPois    .         Spirit   .   c - +0 helmet
rElec    .         Reflect  .   (no cloak)
rCorr    .         Harm     .   (no gloves)
MR       .....                  (no boots)
Stlth    +.........             (no amulet)
HPRegen  0.12/turn              (no ring)
MPRegen  0.09/turn              (no ring)

@: mighty, flying, glowing
A: claws 2, rot immunity
a: no special abilities


You were on level 3 of the Dungeon.
You were not hungry.

You visited 1 branch of the dungeon, and saw 4 of its levels.

You collected 170 gold pieces.

Inventory:

Hand Weapons
 a - a +0 trident (weapon)
 B - a +0 arbalest
Missiles
 d - 3 throwing nets (quivered)
 i - 112 stones
 y - 7 poisoned needles
Armour
 b - a +0 leather armour (worn)
 c - a +0 helmet (worn)
Jewellery
 k - an uncursed amulet of regeneration {unknown}
 l - a cursed ring of teleportation {unknown}
 m - a cursed ring of loudness {unknown}
 v - an uncursed amulet of regeneration {unknown}
 w - an uncursed ring of fire {unknown}
 E - an uncursed amulet of rage {unknown}
Wands
 z - a wand of iceblast (8/15)
Scrolls
 e - 3 scrolls of identify {unknown}
 g - a scroll of blinking {unknown}
 h - a scroll of teleportation {unknown}
 n - 2 scrolls of recharging {unknown}
 o - 3 scrolls of random uselessness {unknown}
 p - a scroll of enchant armour {unknown}
 q - a scroll of immolation {unknown}
 s - 3 scrolls of noise {unknown}
 t - a scroll of amnesia {unknown}
 C - a scroll of enchant weapon {unknown}
Potions
 j - a potion of curing
 r - a potion of flight
 u - a potion of haste {unknown}
 D - 2 potions of magic
Comestibles
 f - 2 bread rations
 x - a meat ration
 A - a chunk of flesh


   Skills:
 - Level 2.0 Fighting
 + Level 5.4 Polearms
 - Level 1.7 Throwing
 - Level 2.6 Dodging


You had 4 spell levels left.
You didn't know any spells.

Dungeon Overview and Level Annotations

Branches:
Dungeon (4/15)
 Temple: D:4-7

Altars:
Fedhas

Annotations:
D:3 Dowan, Duvessa


Innate Abilities, Weirdness & Mutations

You have very sharp fingernails.
You are immune to rotting.


Message History

Duvessa is moderately wounded.
Duvessa misses you.
You hit Duvessa.
Duvessa is moderately wounded.
Duvessa hits you with a rapier.
Dowan says, "My weaknesses are her strengths!"
You closely miss Duvessa.
Duvessa is moderately wounded.
Duvessa hits you but does no damage.
You closely miss Duvessa.
Duvessa is moderately wounded.
Duvessa misses you.
It was a potion of curing.
You feel better. Duvessa hits you with a rapier!
It was a potion of magic.
Magic courses through your body. Duvessa hits you with a rapier!
* * * LOW HITPOINT WARNING * * *
It was a potion of might.
You feel very mighty all of a sudden. Duvessa hits you with a rapier!
You die...

#........# #........#
#.>......# #........#
###........# #..........####
##### ##.###e###...[.#
....#######..# #e##..###.#
###.........####@#..####.#####
########....##.#...........#
#..##................#
###.####.#..#..........# #...#
#.#..#..........# #.###
#...##..........# #.#
##..##..........# ##.#
#..##..........# ##..#
#..####....#####


You could see Duvessa and Dowan.

Vanquished Creatures
  A howler monkey (D:4)
  Ijyb (D:2)
  An adder (D:3)
  A gnoll (D:1)
  3 oozes
  2 dart slugs
  2 leopard geckos (D:2)
  An orc (D:3)
  9 bats
  4 giant cockroaches
  7 goblins
  2 hobgoblins
  4 jackals (D:1)
  A quokka (D:2)
  A ball python (D:2)
  4 frilled lizards
  8 kobolds
  6 rats
  A plant (D:1)
59 creatures vanquished.

Notes
Turn   | Place    | Note
-------+----------+-------------------------------------------
     0 | D:1      | torrenera the Demonspawn Gladiator began the quest for the Orb.
     0 | D:1      | Reached XP level 1. HP: 16/16 MP: 1/1
    97 | D:1      | Reached skill level 3 in Polearms
   110 | D:1      | Gained mutation: You are immune to rotting. [demonic ancestry]
   110 | D:1      | Reached XP level 2. HP: 7/22 MP: 2/2
   114 | D:1      | Upgraded the game from 0.21-a0-440-g28109cb to 0.21-a0-442-g848f44b
   634 | D:1      | Reached XP level 3. HP: 18/27 MP: 3/3
   761 | D:1      | Reached skill level 4 in Polearms
  1442 | D:2      | Found a blossoming altar of Fedhas.
  2321 | D:3      | Noticed an ogre
  2367 | D:3      | Gained mutation: You have sharp fingernails. [demonic ancestry]
  2367 | D:3      | Reached XP level 4. HP: 31/33 MP: 4/4
  2455 | D:3      | Noticed Ijyb
  2571 | D:2      | Killed Ijyb
  2854 | D:3      | Reached skill level 5 in Polearms
  3071 | D:4      | Noticed Dowan
  3072 | D:4      | Gained mutation: You have very sharp fingernails. [demonic ancestry]
  3072 | D:4      | Reached XP level 5. HP: 38/38 MP: 5/5
  3073 | D:4      | Noticed Duvessa
  3098 | D:3      | Slain by Duvessa

Vault maps used:
D:1:      dpeg_arrival_boxorama, serial_forest, infiniplex_forest_fountain,
          infiniplex_forest_clump_medium, infiniplex_forest_clump_medium,
          infiniplex_forest_lined_room_3, infiniplex_forest_clump_medium,
          infiniplex_forest_diagonal
D:2:      fedhas_altar_4
D:3:      uniq_ijyb
D:4:      grunt_temple_overflow_diamond, first_bread, serial_glass,
          glass_columns_a, glass_columns_b, uniq_eustachio, uniq_duvessa

Skill      XL: |  1  2  3  4 |
---------------+-------------+-----
Polearms       | 3 4 5 |  5.4
Fighting       | |  2.0
Throwing       | |  1.7
Dodging        | |  2.6

Action                   |  1- 3 |  4- 6 || total
-------------------------+-------+-------++-------
Melee: Trident           |   152 |    66 ||   218
  Use: Potion            |       |     4 ||     4
 Stab: Sleeping          |     2 |       ||     2
  Eat: Chunk             |     4 |     3 ||     7
Armor: Leather armour    |    42 |    18 ||    60
Dodge: Dodged            |    82 |    34 ||   116

Table legend:
 A = Spawn XP
 B = Non-spawn XP
 C = Spawn XP percentage of total XP
 D = Spawn monster count
 E = Non-spawn monster count
 F = Spawn count percentage of total count
 G = Total turns spent on level
                    A         B        C        D         E        F      G
               +---------+---------+-------+---------+---------+-------+---------
         Total |       0 |     231 |   0.0 |       0 |      58 |   0.0 |  3098
               +---------+---------+-------+---------+---------+-------+---------
           D:1 |       0 |      69 |   0.0 |       0 |      26 |   0.0 |  1431
           D:2 |       0 |      61 |   0.0 |       0 |      18 |   0.0 |  1185
           D:3 |       0 |      44 |   0.0 |       0 |      13 |   0.0 |   463
           D:4 |       0 |      57 |   0.0 |       0 |       1 |   0.0 |    19
               +---------+---------+-------+---------+---------+-------+---------
